Map: Frozen Temple

Players

PtitDrogo

  • Race: Protoss Protoss
  • League: Master

Tarrantius - Winner!

  • Race: Protoss Protoss
  • League: Master

Event: DreamHack ZOWIE Open Valencia 2016

VOD

Have the link to the VOD?

Description

Time

  • Played on: July 14, 2016, 11:28 a.m.
  • Length: 8:53

All games in this series

Show
View Real Time Build Order
Export as new Build Order

PtitDrogo Protoss 

Build Orders:  

Get SALT Encoding   

  12  0:01  Probe (Chrono Boost)  
  13  0:11  Probe (Chrono Boost)  
  14  0:18  Pylon  
  14  0:22  Probe (Chrono Boost)  
  15  0:36  Probe (Chrono Boost), Gateway  
  15  0:41  Assimilator  
  16  0:46  Probe (Chrono Boost)  
  18  0:57  Probe (Chrono Boost)  
  18  0:58  Assimilator  
  18  1:03  Gateway  
  18  1:07  Probe (Chrono Boost)  
  19  1:18  Probe (Chrono Boost)  
  20  1:23  Cybernetics Core  
  20  1:28  Probe (Chrono Boost)  
  20  1:31  Pylon  
  21  1:39  Probe (Chrono Boost)  
  22  1:50  Probe (Chrono Boost)  
  23  1:57  Warp Gate  
  23  2:00  Stalker  
  27  2:01  Stalker, Mothership Core (Chrono Boost)  
  29  2:11  Pylon  
  29  2:21  Probe (Chrono Boost)  
  30  2:30  Stalker  
  30  2:33  Probe (Chrono Boost)  
  33  2:37  Stalker  
  35  3:01  Nexus  
  35  3:06  Sentry  
  35  3:08  Sentry  
  35  3:11  Pylon  
  39  3:25  Robotics Facility  
  39  3:33  Probe (Chrono Boost)  
  40  3:45  Probe (Chrono Boost)  
  41  3:57  Probe (Chrono Boost)  
  41  4:01  Stalker x2  
  46  4:07  Probe (Chrono Boost)  
  47  4:12  Phoenix  
  47  4:13  Probe (Chrono Boost)  
  49  4:17  Observer  
  49  4:18  Probe (Chrono Boost)  
  49  4:19  Twilight Council  
  51  4:24  Probe (Chrono Boost)  
  51  4:29  Probe (Chrono Boost)  
  52  4:35  Probe (Chrono Boost), Immortal  
  52  4:36  Pylon  
  53  4:40  Probe (Chrono Boost)  
  53  4:45  Probe (Chrono Boost)  
  60  4:52  Probe (Chrono Boost)  
  60  4:56  Probe (Chrono Boost)  
  60  4:59  Phoenix  
  61  5:04  Nexus  
  61  5:05  Probe (Chrono Boost)  
  62  5:08  Stalker, Sentry  
  62  5:12  Pylon  
  62  5:14  Blink  
  66  5:18  Probe (Chrono Boost)  
  66  5:19  Probe (Chrono Boost)  
  68  5:23  Assimilator  
  68  5:25  Assimilator  
  68  5:32  Probe (Chrono Boost)  
  68  5:33  Probe (Chrono Boost)  
  70  5:44  Immortal, Gateway x2  
  74  5:52  Probe (Chrono Boost)  
  75  5:58  Gateway  
  75  6:08  Pylon  
  69  6:13  Stalker x2  
  69  6:16  Pylon  
  73  6:20  Immortal  
  73  6:21  Probe x2 (Chrono Boost)  
  73  6:25  Gateway  
  78  6:37  Probe (Chrono Boost)  
  78  6:38  Pylon, Probe (Chrono Boost)  
  78  6:39  Probe (Chrono Boost)  
  81  6:44  Stalker x3  
  85  6:56  Immortal  
  85  6:57  Stalker x2  
  93  7:06  Pylon  
  93  7:12  Stalker x3  
  87  7:29  Stalker x2  
  75  7:32  Immortal  
  67  7:46  Stalker x3  
  63  7:53  Stalker  
  63  7:54  Stalker x2  
  64  8:09  Stalker x3  
  66  8:16  Stalker  
  58  8:27  Stalker x2  
  60  8:40  Zealot x4  
Show
View Real Time Build Order
Export as new Build Order

Tarrantius Protoss - Winner!

Build Orders:  

Get SALT Encoding   

  12  0:00  Probe (Chrono Boost)  
  13  0:11  Probe (Chrono Boost)  
  14  0:20  Pylon  
  14  0:22  Probe (Chrono Boost)  
  15  0:38  Probe (Chrono Boost), Gateway  
  16  0:48  Probe (Chrono Boost)  
  17  0:50  Assimilator  
  17  0:54  Assimilator  
  17  0:59  Probe (Chrono Boost)  
  18  1:05  Gateway  
  18  1:09  Probe (Chrono Boost)  
  19  1:20  Probe (Chrono Boost)  
  19  1:25  Cybernetics Core  
  20  1:30  Probe (Chrono Boost)  
  21  1:34  Pylon  
  21  1:41  Probe (Chrono Boost)  
  22  1:47  Warp Gate  
  22  1:52  Probe (Chrono Boost)  
  23  2:01  Stalker  
  23  2:02  Stalker  
  27  2:12  Mothership Core (Chrono Boost)  
  29  2:15  Pylon  
  29  2:32  Probe (Chrono Boost)  
  30  2:37  Stalker x2  
  35  2:44  Probe (Chrono Boost)  
  35  3:07  Nexus  
  35  3:11  Sentry x2  
  39  3:17  Pylon  
  39  3:28  Robotics Facility  
  39  3:36  Probe (Chrono Boost)  
  39  3:39  Pylon  
  40  3:47  Probe (Chrono Boost)  
  41  3:56  Pylon  
  41  3:57  Probe (Chrono Boost)  
  41  4:01  Assimilator  
  42  4:08  Probe (Chrono Boost)  
  43  4:16  Observer  
  43  4:17  Robotics Bay  
  44  4:18  Probe (Chrono Boost)  
  44  4:20  Probe (Chrono Boost)  
  46  4:29  Probe (Chrono Boost)  
  46  4:31  Probe (Chrono Boost)  
  48  4:34  Warp Prism  
  48  4:42  Probe (Chrono Boost)  
  48  4:45  Probe (Chrono Boost)  
  52  4:49  Pylon  
  53  4:54  Probe (Chrono Boost)  
  53  4:55  Probe (Chrono Boost)  
  53  5:05  Disruptor  
  53  5:06  Probe (Chrono Boost)  
  54  5:09  Gateway  
  54  5:11  Gateway  
  57  5:17  Sentry x2  
  62  5:22  Probe (Chrono Boost)  
  62  5:23  Gateway  
  62  5:26  Probe (Chrono Boost)  
  63  5:31  Gateway  
  63  5:36  Disruptor  
  66  5:44  Gateway  
  66  5:47  Pylon  
  66  5:50  Sentry  
  66  5:51  Sentry  
  66  5:54  Pylon  
  70  5:59  Probe (Chrono Boost)  
  70  6:01  Probe (Chrono Boost)  
  72  6:07  Disruptor  
  72  6:16  Stalker  
  72  6:17  Stalker  
  79  6:24  Pylon, Probe (Chrono Boost)  
  80  6:36  Adept x4  
  88  6:57  Adept x6  
  100  7:10  Pylon  
  100  7:11  Pylon x2  
  88  7:24  Stalker  
  88  7:25  Stalker x2  
  88  7:27  Zealot x2  
  88  7:28  Zealot  
  86  7:40  Stalker  
  79  7:50  Stalker x4  
  87  7:52  Disruptor  
  84  8:09  Adept x2  
  84  8:10  Adept  
  90  8:17  Stalker x2  
  84  8:32  Stalker, Zealot  
  84  8:33  Zealot  
  91  8:35  Probe (Chrono Boost)  
  91  8:36  Assimilator  
  91  8:40  Zealot x2  
  91  8:41  Zealot x2  

Tags
 
Add a new tag
Caveats
  • Supply blocks, unpowered buildings, or Contaminate may cause inaccurate times.
  • Supply counts are checked every 10 seconds.